 Dungeon Crawl Stone Soup version 0.24.0-123-gd5b16e6ec5 (webtiles) character file.

Game seed: 2800254171945000321, levelgen mode: deterministic

345285 Peloso the Minotaur Blade (level 21, -14/222 HPs)
             Began as a Minotaur Fighter on Jan 30, 2020.
             Was the Champion of Okawaru.
             Demolished by an imperial myrmidon
             ... wielding a +0 scimitar
              (30 damage)
             ... in the Desolation of Salt.
             The game lasted 02:34:00 (43532 turns).

Peloso the Minotaur Blade (Minotaur Fighter)       Turns: 43532, Time: 02:34:01

Health: -14/222    AC: 36    Str: 31    XL:     21   Next: 17%
Magic:  30/30      EV: 21    Int:  5    God:    Okawaru [******]
Gold:   3396       SH: 22    Dex: 18    Spells: 20/20 levels left

rFire    + . .     SeeInvis .   a - +5 double sword of Nioxzo {slice, rPois MP+9}
rCold    + . .     Gourm    .   F - +2 shield {AC+3}
rNeg     . . .     Faith    .   r - +1 plate armour of Gallantry {Str+5}
rPois    +         Spirit   .   (helmet restricted)
rElec    .         Reflect  .   j - scarf {rC+ rF+}
rCorr    .         Harm     .   E - +2 pair of gloves {Dex+3}
MR       .....                  W - +2 pair of boots {Fly}
Stlth    ..........             L - amulet of Vitality {Regen+ HP+15}
HPRegen  0.87/turn              q - +5 ring of protection
MPRegen  0.22/turn              z - +4 ring of slaying

@: vulnerable, heroism, flying, very slightly contaminated, slowed, very slow
A: retaliatory headbutt, horns 2
}: 2/15 runes: decaying, serpentine
a: Heroism, Finesse, Renounce Religion, Stop Flying


You were in the Desolation of Salt.
You worshipped Okawaru.
Okawaru was exalted by your worship.
You were not hungry.

You visited 8 branches of the dungeon, and saw 37 of its levels.
You visited the Abyss 1 time.
You also visited: Gauntlet and Desolation.

You collected 4649 gold pieces.
You spent 1253 gold pieces at shops.

Inventory:

Hand Weapons
 a - the +5 double sword of Nioxzo (weapon) {slice, rPois MP+9}
   (You took it off a minotaur in a Gauntlet)

   It inflicts extra damage upon your enemies.
   It protects you from poison.
   It affects your magic capacity (+9).
 b - the +10 long sword of the Hills {venom, Str+4}
   (Okawaru gifted it to you on level 3 of the Lair of Beasts)

   It poisons the flesh of those it strikes.
   It affects your strength (+4).
 N - a +4 scimitar of flaming
Armour
 j - a scarf of resistance (worn)
 l - the +0 pair of boots "Soijus" {rCorr}
   (Okawaru gifted it to you on level 1 of the Vaults)

   It provides partial protection from all sources of acid and corrosion.
 n - +2 fire dragon scales {Xtahua}
 o - a +2 pair of boots of flying
 r - the +1 plate armour of Gallantry (worn) {Str+5}
   (Okawaru gifted it to you on level 4 of the Swamp)

   It affects your strength (+5).
 t - a +3 chain mail of magic resistance
 E - a +2 pair of gloves of dexterity (worn)
 F - a +2 shield of protection (worn)
 W - a +2 pair of boots of flying (worn)
Jewellery
 c - an uncursed ring of see invisible {unknown}
 p - the ring of Vutropsam {rN+ Dex+4 Stlth+, unknown}
   (You found it in the Desolation of Salt)

   [ring of stealth]

   It affects your dexterity (+4).
   It protects you from negative energy.
   It makes you more stealthy.
 q - a +5 ring of protection (left hand)
 z - a +4 ring of slaying (right hand)
 K - an uncursed ring of resist corrosion
 L - the amulet of Vitality (around neck) {Regen+ HP+15}
   (You found it in a Gauntlet)

   [amulet of regeneration]

   It affects your health (+15).
   It increases your rate of regeneration.
 Z - the ring of Afugao {rElec rPois MR++ Str-3 SInv}
   (You took it off a deep elf master archer on level 3 of the Elven Halls)

   [ring of see invisible]

   It affects your strength (-3).
   It insulates you from electricity.
   It protects you from poison.
   It affects your resistance to hostile enchantments.
   It lets you see invisible.
Wands
 m - a wand of disintegration (11)
 R - a wand of random effects (10)
Scrolls
 d - 4 scrolls of summoning
 g - a scroll of blinking
 i - 12 scrolls of remove curse
 k - 6 scrolls of teleportation
 s - 11 scrolls of identify
 B - 3 scrolls of fear
 M - 3 scrolls of magic mapping
 S - a scroll of noise
Potions
 e - 2 potions of might
 h - 5 potions of curing
 v - 4 potions of agility
 w - a potion of berserk rage
 D - a potion of haste
 H - 8 potions of resistance
Comestibles
 f - 64 rations


   Skills:
 + Level 22.1(27) Fighting
 + Level 22.4(27) Long Blades
   Level 0.2(5.2) Maces & Flails
 + Level 16.6(21.6) Armour
 + Level 12.5(17.5) Dodging
 + Level 4.1(9.1) Stealth
 + Level 21.4(26.4) Shields
 + Level 2.1 Invocations
 + Level 2.4 Evocations


You had 20 spell levels left.
You didn't know any spells.
Your spell library contained the following spells:

 Spells                   Type           Power        Failure   Level  Hunger
 Animate Skeleton         Necr           N/A          88%         1    ##.....
 Beastly Appendage        Tmut           #.....       88%         1    ##.....
 Confusing Touch          Hex            #.....       88%         1    ##.....
 Magic Dart               Conj           #...         88%         1    ##.....
 Pain                     Necr           #...         88%         1    ##.....
 Blink                    Tloc           N/A          96%         2    ###....
 Call Imp                 Summ           #.......     96%         2    ###....
 Corpse Rot               Necr           N/A          96%         2    ###....
 Poisonous Vapours        Pois/Air       #.....       96%         2    ###....
 Searing Ray              Conj           #.....       96%         2    ###....
 Shroud of Golubria       Chrm/Tloc      #.....       96%         2    ###....
 Slow                     Hex            #.......     96%         2    ###....
 Sticks to Snakes         Tmut           #.......     96%         2    ###....
 Sublimation of Blood     Necr           #.........   96%         2    ###....
 Confuse                  Hex            #.......     99%         3    ####...
 Conjure Flame            Conj/Fire      #.......     99%         3    ####...
 Dazzling Spray           Conj/Hex       #.....       99%         3    ####...
 Gell's Gravitas          Tloc           #.........   99%         3    ####...
 Ignite Poison            Fire/Tmut/Pois #.......     99%         3    ####...
 Lesser Beckoning         Tloc           #.........   99%         3    ####...
 Mephitic Cloud           Conj/Pois/Air  #.......     99%         3    ####...
 Portal Projectile        Hex/Tloc       #.....       99%         3    ####...
 Recall                   Summ/Tloc      N/A          99%         3    ####...
 Regeneration             Chrm/Necr      #.........   99%         3    ####...
 Spider Form              Tmut/Pois      #.........   99%         3    ####...
 Static Discharge         Conj/Air       #.......     99%         3    ####...
 Teleport Other           Tloc           #.......     99%         3    ####...
 Vampiric Draining        Necr           #.........   99%         3    ####...
 Animate Dead             Necr           N/A          100%        4    #####..
 Force Lance              Conj/Tloc      #.......     100%        4    #####..
 Fulminant Prism          Conj/Hex       #.........   100%        4    #####..
 Ice Form                 Ice/Tmut       #.......     100%        4    #####..
 Iskenderun's Mystic Bla  Conj           #.......     100%        4    #####..
 Leda's Liquefaction      Hex/Erth       #.........   100%        4    #####..
 Passage of Golubria      Tloc           N/A          100%        4    #####..
 Petrify                  Tmut/Erth      #.......     100%        4    #####..
 Agony                    Necr           #.......     100%        5    ######.
 Alistair's Intoxication  Tmut/Pois      #.......     100%        5    ######.
 Aura of Abjuration       Summ           #.........   100%        5    ######.
 Blade Hands              Tmut           #.........   100%        5    ######.
 Bolt of Draining         Conj/Necr      #.........   100%        5    ######.
 Bolt of Magma            Conj/Fire/Erth #.........   100%        5    ######.
 Borgnjor's Vile Clutch   Necr/Erth      #.........   100%        5    ######.
 Dispel Undead            Necr           #.......     100%        5    ######.
 Excruciating Wounds      Chrm/Necr      #.........   100%        5    ######.
 Fireball                 Conj/Fire      #.........   100%        5    ######.
 Irradiate                Conj/Tmut      #.........   100%        5    ######.
 Iskenderun's Battlesphe  Conj/Chrm      #.......     100%        5    ######.
 Lightning Bolt           Conj/Air       #.........   100%        5    ######.
 Metabolic Englaciation   Hex/Ice        #.........   100%        5    ######.
 Summon Demon             Summ           #.........   100%        5    ######.
 Summon Forest            Summ/Tloc      #.........   100%        5    ######.
 Summon Mana Viper        Hex/Summ       #.......     100%        5    ######.
 Venom Bolt               Conj/Pois      #.........   100%        5    ######.
 Yara's Violent Unravell  Hex/Tmut       #.........   100%        5    ######.
 Bolt of Fire             Conj/Fire      #.........   100%        6    #######
 Dispersal                Tloc           #.........   100%        6    #######
 Freezing Cloud           Conj/Ice/Air   #.........   100%        6    #######
 Iron Shot                Conj/Erth      #.........   100%        6    #######
 Poison Arrow             Conj/Pois      #.........   100%        6    #######
 Shadow Creatures         Summ           N/A          100%        6    #######
 Statue Form              Tmut/Erth      #........    100%        6    #######
 Orb of Destruction       Conj           #.........   100%        7    #######
 Ring of Flames           Chrm/Fire      #.........   100%        7    #######
 Spellforged Servitor     Conj/Summ      #.........   100%        7    #######
 Chain Lightning          Conj/Air       #.........   100%        8    #######
 Controlled Blink         Tloc           N/A          100%        8    #######
 Disjunction              Tloc           #.........   100%        8    #######
 Ignition                 Fire           #.........   100%        8    #######
 Lehudib's Crystal Spear  Conj/Erth      #.........   100%        8    #######
 Fire Storm               Conj/Fire      #.........   100%        9    #######
 Glaciate                 Conj/Ice       #.........   100%        9    #######
 Shatter                  Erth           #.........   100%        9    #######
 Tornado                  Air            #.........   100%        9    #######


Dungeon Overview and Level Annotations

Branches:
Dungeon (15/15)            Temple (1/1) D:6            Lair (6/6) D:8
  Swamp (4/4) Lair:3        Snake (4/4) Lair:4        Slime (0/5) Lair:6
    Orc (2/2) D:11            Elf (3/3) Orc:2        Vaults (2/5) D:13
 Depths (0/5) D:15        Desolation (1/1)          Gauntlet (visited)
  Crypt: Vaults:2-3

Altars:
Ashenzari
Cheibriados
Dithmenos
Elyvilon
Fedhas
Gozag
Hepliaklqana
Kikubaaqudgha
Makhleb
Nemelex Xobeh
Okawaru
Qazlal
Ru
Sif Muna
Trog
Uskayaw
Vehumet
Wu Jian
Xom
Yredelemnul
Zin
The Shining One
Beogh
Jiyva

Shops:
D:6 [((%   D:13 (   Orc:2 =*[(   Snake:1 *   Snake:4 [   Vaults:1 =

Annotations:
D:9 1 runed translucent door, Alannah's ghost, novice FeMo
Lair:5 3 runed translucent doors, Curus's ghost, journeyman MiMo


Innate Abilities, Weirdness & Mutations

You reflexively headbutt those who attack you in melee.
You have a pair of horns on your head.


Message History

* * * LOW HITPOINT WARNING * * *
You block the servant of whispers's attack.
The guardian serpent gestures with its tail.
The servant of whispers blinks!
The ironbrand convoker blinks! x3
The saltling barely misses you. You furiously retaliate!
You headbutt the saltling, but do no damage.
The ironbrand convoker hits you but does no damage. x2
The ironbrand convoker closely misses you.
The imperial myrmidon completely misses you.
You riposte.
You slash the imperial myrmidon!
The imperial myrmidon is lightly wounded.
The servant of whispers closely misses you.
You furiously retaliate!
You headbutt the servant of whispers!
You riposte.
You slice the servant of whispers like a ripe choko!!!
The air resumes its normal movements.
You kill the servant of whispers!
Okawaru accepts your kill.
The guardian serpent completely misses you.
The imperial myrmidon hits you with a +0 scimitar!!
You die...

################
#################
##################
###################
###################
##.................
##.....pp).........
##.....S@pL....##...
##.....8pp......... .
##................. .#
##......##...##...# ..#.
##......##...##...##...8
##....................p.
##........p.......88..8.
##..........####..p.....
##......##..# #[.##....


You could see 2 imperial myrmidons, a halazid warlock, 3 ironbrand convokers, a
guardian serpent and a saltling.

Vanquished Creatures
  Mara (Snake:2)
  Xtahua (Vaults:2)
  A bone dragon (Swamp:4)
  Jorgrun (D:14)
  Rupert (Lair:6)
  Asterion (Snake:2)
  2 deep elf master archers (Elf:3)
  2 deep elf blademasters (Elf:3)
  Frances (Swamp:1)
  4 thorn hunters
  10 nagarajas
  2 orc warlords (Orc:2)
  4 vault wardens
  3 deep elf sorcerers (Elf:3)
  Aizul (Snake:1)
  An imperial myrmidon (Desolation)
  Louise (D:15)
  An angel (Abyss:2)
  3 deep elf elementalists (Elf:3)
  7 ironheart preservers
  4 stone giants
  2 deep elf demonologists (Elf:3)
  Nessos (D:13)
  A halazid warlock (Desolation)
  2 deep elf annihilators (Elf:3)
  A minotaur (Gauntlet)
  An ettin (D:15)
  10 deep elf death magi
  A crystal guardian (Desolation)
  Josephine (Snake:1)
  4 ragged hierophants
  A yaktaur captain (Vaults:1)
  Harold (D:7)
  3 deep elf high priests (Elf:3)
  9 naga warriors
  A great orb of eyes (Vaults:2)
  2 ice dragons
  A servant of whispers (Desolation)
  11 hydras
  A catoblepas (Lair:5)
  4 peacekeepers (Desolation)
  2 death knights
  5 ogre magi
  3 shambling mangroves (Swamp:2)
  6 ghost crabs
  6 alligators
  6 centaur warriors
  10 anacondas
  4 tengu warriors
  4 deep troll shamans (Vaults:1)
  A deep troll earth mage (Vaults:2)
  25 dancing weapons
  15 two-headed ogres
  6 naga sharpshooters
  8 death yaks
  4 orc high priests (Orc:2)
  A hell hog (Gauntlet)
  2 thrashing horrors (Abyss:2)
  7 shock serpents
  19 deep elf knights
  Sonja (Lair:5)
  3 wretched stars (Abyss:2)
  An iron troll (D:13)
  3 skeletal warriors (D:14)
  A fire crab (Gauntlet)
  7 deep trolls
  A shadow wraith (Vaults:1)
  A death drake (Swamp:4)
  3 salamander mystics (Snake:4)
  5 unseen horrors
  5 spriggan druids
  6 sea snakes
  4 wizards
  2 phantasmal warriors
  4 swamp dragons
  A flayed ghost (Vaults:1)
  4 spectral hydras (Swamp:4)
  8 naga ritualists
  21 deep elf archers
  A lindwurm (D:13)
  67 deep elf magi
  11 orc knights
  9 ironbrand convokers
  8 orc sorcerers
  A wolf spider (Vaults:1)
  35 ugly things
  3 necromancers
  5 mana vipers
  5 cyclopes
  12 salamanders
  3 manticores
  7 large abominations
  4 elephants (Lair:6)
  Maurice (D:10)
  27 black mambas
  14 naga magi
  6 guardian serpents (Snake:4)
  3 vault sentinels (Vaults:2)
  An eye of devastation (Abyss:2)
  13 spiny frogs
  4 apocalypse crabs (Swamp:1)
  2 smoke demons (Abyss:2)
  A molten gargoyle (Desolation)
  3 centaur skeletons
  A spiny frog (shapeshifter) (D:14)
  A gargoyle (D:15)
  A kobold demonologist (D:15)
  3 efreet (Abyss:2)
  3 swamp worm zombies (Swamp:4)
  5 freezing wraiths
  10 yaktaurs
  7 komodo dragons
  2 rime drakes
  4 hellwings (Abyss:2)
  A tengu conjurer (D:13)
  8 trolls
  A wind drake (shapeshifter) (D:13)
  An ancient zyme (Abyss:2)
  A silent spectre (Abyss:2)
  3 hydra zombies (Swamp:4)
  9 polar bears (Lair:6)
  3 meliai (D:14)
  The ghost of brucemayne the Cleaver, an amateur HOMo of the Shining One (D:11)
  A polar bear (shapeshifter) (Vaults:2)
  20 saltlings
  A queen bee (Gauntlet)
  9 tyrant leeches
  9 raiju
  15 bog bodies
  17 hornets
  Prince Ribbit (D:5)
  4 alligator zombies (Swamp:4)
  13 blink frogs
  10 hippogriffs
  24 slime creatures
  Sigmund (D:5)
  2 tarantellas (shapeshifter) (Vaults:1)
  5 shadows
  An air elemental (Elf:1)
  5 ynoxinuls (Abyss:2)
  11 spriggans
  2 water elementals
  41 yaks
  5 fire bats (Gauntlet)
  6 wraiths
  3 wyverns
  Eustachio (D:6)
  A yak (shapeshifter) (D:15)
  3 basilisks
  2 fire elementals
  2 chaos spawn (Abyss:2)
  6 hungry ghosts
  A steam dragon (D:8)
  29 vampire mosquitoes
  Menkaure (D:6)
  15 swamp worms
  15 wargs
  62 nagas
  A soldier ant (shapeshifter) (D:14)
  7 insubstantial wisps
  Duvessa (D:6)
  4 small abominations
  2 soldier ants
  9 swamp drakes
  2 acid dragons
  13 water moccasins
  6 porcupines
  49 orc warriors
  15 hell hounds
  4 swamp dragon zombies (Swamp:4)
  14 black bears
  4 ice beasts
  An ettin simulacrum (Vaults:1)
  7 necrophages
  10 phantoms
  2 sky beasts
  2 eyes of draining
  3 boggarts (Vaults:1)
  21 wolves
  19 ogres
  8 centaurs
  9 crocodiles
  4 elf zombies (Elf:1)
  2 big kobolds
  Dowan (D:6)
  19 bullfrogs
  4 wyvern zombies
  An earth elemental (Elf:2)
  3 scorpions
  3 wyvern skeletons
  12 killer bees
  5 wights
  2 bullfrog zombies
  10 electric eels
  6 howler monkeys
  6 crimson imps
  5 hounds
  5 centaur zombies
  A gnoll shaman (Orc:1)
  2 jellies
  3 human zombies (D:13)
  24 orc priests
  32 orc wizards
  Ijyb (D:3)
  Terence (D:3)
  3 human skeletons (D:13)
  An iguana (D:4)
  9 worker ants
  2 mummies (D:13)
  A hound zombie (D:6)
  A worker ant zombie (D:11)
  12 gnolls
  4 swamp drake zombies (Swamp:4)
  13 adders
  2 shadow imps
  3 oozes
  An adder zombie (D:5)
  2 adder skeletons
  A worm (D:2)
  A dart slug (D:1)
  8 leopard geckos
  99 orcs
  8 bats
  6 giant cockroaches
  9 goblins
  12 hobgoblins
  14 jackals
  21 kobolds
  3 quokkas
  3 ball pythons
  6 frilled lizards
  3 leopard gecko skeletons
  An orc zombie (D:13)
  A quokka zombie (D:6)
  10 rats
  6 briar patches
  A butterfly (Lair:6)
  2 fungi (D:9)
  A plant (Lair:6)
1615 creatures vanquished.

Vanquished Creatures (others)
  A deep troll shaman (Vaults:1)
  A deep troll (Vaults:1)
  A swamp worm zombie (Swamp:4)
  A saltling (Desolation)
  3 insubstantial wisps (Swamp:4)
  An orc (Vaults:2)
  5 briar patches
  A fungus (Lair:5)
  15 plants
  3 toadstools (D:9)
32 creatures vanquished.

Grand Total: 1647 creatures vanquished

Notes
Turn   | Place    | Note
-------+----------+-------------------------------------------
     0 | D:1      | Peloso the Minotaur Fighter began the quest for the Orb.
     0 | D:1      | Reached XP level 1. HP: 19/19 MP: 0/0
    27 | D:1      | Reached XP level 2. HP: 14/27 MP: 1/1
   215 | D:1      | Reached XP level 3. HP: 27/33 MP: 2/2
   511 | D:2      | Found a shadowy altar of Dithmenos.
   769 | D:2      | Found a shattered altar of Ashenzari.
   856 | D:2      | Reached XP level 4. HP: 37/41 MP: 3/3
  1220 | D:3      | Noticed a phantom
  1239 | D:3      | Killed a phantom
  1239 | D:3      | Reached skill level 5 in Long Blades
  1239 | D:3      | Reached XP level 5. HP: 33/47 MP: 4/4
  1255 | D:3      | Noticed Ijyb
  1263 | D:3      | Killed Ijyb
  1311 | D:3      | Found a faded altar of an unknown god.
  1523 | D:3      | Reached XP level 6. HP: 46/53 MP: 3/5
  1611 | D:3      | Noticed Terence
  1619 | D:3      | Killed Terence
  1936 | D:3      | Found a radiant altar of Vehumet.
  2104 | D:3      | Reached skill level 5 in Armour
  2259 | D:4      | Reached skill level 5 in Shields
  2266 | D:4      | Reached skill level 1 in Dodging
  2382 | D:4      | Reached XP level 7. HP: 60/60 MP: 6/6
  2524 | D:4      | Found an ancient bone altar of Kikubaaqudgha.
  2707 | D:4      | Found a snail-covered altar of Cheibriados.
  2897 | D:5      | Entered Level 5 of the Dungeon
  3245 | D:5      | Reached skill level 5 in Fighting
  3371 | D:5      | Noticed Sigmund
  3378 | D:5      | Killed Sigmund
  3378 | D:5      | Reached XP level 8. HP: 69/69 MP: 7/7
  3473 | D:5      | Noticed Prince Ribbit
  3488 | D:5      | Killed Prince Ribbit
  3835 | D:6      | Noticed Menkaure
  3867 | D:6      | Killed Menkaure
  3982 | D:6      | Found Gitubu's Food Shoppe.
  3999 | D:6      | Found Otiek's Antique Weapon Shoppe.
  4009 | D:6      | Bought a glowing long sword for 182 gold pieces
  4116 | D:6      | Reached skill level 1 in Stealth
  4119 | D:6      | Found Ostir's Antique Armour Emporium.
  4354 | D:6      | Noticed Eustachio
  4366 | D:6      | Killed Eustachio
  4366 | D:6      | Reached XP level 9. HP: 71/77 MP: 8/8
  4404 | D:6      | Found Pirchirr's Weapon Emporium.
  4481 | D:6      | Noticed Dowan
  4482 | D:6      | Noticed Duvessa
  4495 | D:6      | Killed Duvessa
  4498 | D:6      | Killed Dowan
  4580 | D:6      | Noticed a two-headed ogre
  4607 | D:6      | Killed a two-headed ogre
  4607 | D:6      | Reached skill level 10 in Long Blades
  4873 | D:6      | Found a staircase to the Ecumenical Temple.
  4879 | Temple   | Entered the Ecumenical Temple
  5503 | D:7      | Got a diamond-encrusted leather armour
  5514 | D:7      | Identified the +3 leather armour of Kezeaps {Str+4} (You
                  | found it on level 7 of the Dungeon)
  5551 | D:7      | Noticed Harold
  5567 | D:7      | Killed Harold
  5567 | D:7      | Reached XP level 10. HP: 86/86 MP: 9/9
  5807 | D:7      | Found an iron altar of Okawaru.
  5817 | D:7      | Became a worshipper of Warmaster Okawaru
  6215 | D:8      | Found a staircase to the Lair.
  6222 | D:8      | Reached * piety under Okawaru
  6640 | D:9      | Noticed a cyclops
  6649 | D:9      | Killed a cyclops
  6654 | D:9      | Reached ** piety under Okawaru
  6705 | D:9      | Found a basalt altar of Yredelemnul.
  6742 | D:9      | Found a blossoming altar of Fedhas.
  6782 | D:9      | Noticed a two-headed ogre
  6789 | D:9      | Killed a two-headed ogre
  6798 | D:9      | Noticed a two-headed ogre
  6810 | D:9      | Killed a two-headed ogre
  6810 | D:9      | Reached *** piety under Okawaru
  6810 | D:9      | Reached skill level 10 in Shields
  6810 | D:9      | Reached XP level 11. HP: 92/95 MP: 10/10
  7066 | D:9      | Found a runed translucent door.
  7066 | D:9      | Noticed Alannah's ghost (novice FeMo)
  7320 | D:10     | Entered Level 10 of the Dungeon
  7399 | D:10     | Found an ancient bone altar of Kikubaaqudgha.
  7426 | D:10     | Paralysed by fainting for 7 turns
  7522 | D:10     | Noticed Maurice
  7535 | D:10     | Killed Maurice
  8228 | D:6      | Bought an ancient scale mail for 234 gold pieces
  8241 | D:6      | Identified the +5 scale mail of Jeli {rN+} (You bought it
                  | in a shop on level 6 of the Dungeon)
  8301 | D:6      | Bought a glowing long sword for 182 gold pieces
  8441 | D:11     | Reached skill level 10 in Armour
  8531 | D:11     | Found a staircase to the Orcish Mines.
  8726 | D:11     | Reached **** piety under Okawaru
  8892 | D:11     | Found a white marble altar of Elyvilon.
  8919 | D:11     | Noticed a two-headed ogre
  8931 | D:11     | Killed a two-headed ogre
  9078 | D:11     | Found a runed translucent door.
  9081 | D:11     | Noticed brucemayne's ghost (amateur HOMo)
  9137 | D:11     | Noticed an ice dragon
  9161 | D:11     | Killed an ice dragon
  9288 | D:12     | Noticed a two-headed ogre
  9295 | D:12     | Reached ***** piety under Okawaru
  9314 | D:11     | Reached skill level 5 in Dodging
  9348 | D:12     | Killed a two-headed ogre
  9348 | D:12     | Received a gift from Okawaru
  9453 | D:12     | Reached XP level 12. HP: 95/106 MP: 11/11
  9542 | D:12     | Reached skill level 10 in Fighting
 10161 | Lair:1   | Entered Level 1 of the Lair of Beasts
 11334 | Lair:2   | Got a dazzling scale mail
 11358 | Lair:1   | Identified the +4 scale mail "Juturphi" {+Blink rElec MP+9}
                  | (You found it on level 2 of the Lair of Beasts)
 11360 | Lair:2   | You fall into a shaft and drop 2 floors!
 11459 | Lair:4   | Found a staircase to the Snake Pit.
 11480 | Lair:4   | Reached skill level 1 in Evocations
 11778 | Lair:3   | Found a staircase to the Swamp.
 11851 | Lair:3   | Noticed a death yak
 11851 | Lair:3   | Noticed a death yak
 11852 | Lair:3   | Noticed a death yak
 11853 | Lair:3   | Noticed a death yak
 11858 | Lair:3   | Killed a death yak
 11872 | Lair:3   | Killed a death yak
 11872 | Lair:3   | Received a gift from Okawaru
 11877 | Lair:3   | Killed a death yak
 11879 | Lair:3   | Killed a death yak
 11885 | Lair:3   | Got a fine long sword {god gift}
 11886 | Lair:3   | Identified the +10 long sword of the Hills {venom, Str+4}
                  | (Okawaru gifted it to you on level 3 of the Lair of Beasts)
 11943 | Lair:3   | Reached XP level 13. HP: 62/116 MP: 13/13
 13428 | Lair:5   | Found a gate leading to a gauntlet.
 13442 | Gauntlet | Entered a Gauntlet
 13442 | Gauntlet | Found a transporter.
 13450 | Gauntlet | Found a transporter.
 13452 | Gauntlet | Found a transporter.
 13454 | Gauntlet | Found a transporter.
 13470 | Gauntlet | Found a transporter.
 13487 | Gauntlet | Found a transporter.
 13495 | Gauntlet | Found a transporter.
 13513 | Gauntlet | Found a transporter.
 13530 | Gauntlet | Found a transporter.
 13561 | Gauntlet | Found a transporter.
 13591 | Gauntlet | Found a transporter.
 13598 | Gauntlet | Found a transporter.
 13622 | Gauntlet | Found a transporter.
 13622 | Gauntlet | Noticed a death ooze
 13627 | Gauntlet | Found a transporter.
 13629 | Gauntlet | Found a transporter.
 13652 | Gauntlet | Found a transporter.
 13658 | Gauntlet | Found a transporter.
 13708 | Gauntlet | Found a transporter.
 13899 | Gauntlet | Reached skill level 15 in Long Blades
 13901 | Gauntlet | Received a gift from Okawaru
 13942 | Gauntlet | Got a scorched jade ring
 13944 | Gauntlet | Identified the ring "Bouhi" {Ice +Fly Str+3} (You found it
                  | in a Gauntlet)
 14100 | Gauntlet | Identified the +5 double sword of Nioxzo {slice, rPois
                  | MP+9}
 14100 | Gauntlet | Noticed a minotaur
 14108 | Gauntlet | Killed a minotaur
 14115 | Gauntlet | Found the amulet of Vitality {Regen+ HP+15}
 14305 | Lair:5   | Noticed Sonja
 14316 | Lair:5   | Killed Sonja
 14624 | Lair:5   | Found a runed translucent gate.
 14625 | Lair:5   | Found a runed translucent gate.
 14625 | Lair:5   | Noticed Curus's ghost (journeyman MiMo)
 14631 | Lair:5   | Found a runed translucent gate.
 14794 | Lair:5   | Received a gift from Okawaru
 15873 | D:13     | You are sucked into a shaft and drop 2 floors!
 15873 | D:15     | Entered Level 15 of the Dungeon
 15918 | D:15     | Reached skill level 1 in Invocations
 16065 | D:15     | Reached ****** piety under Okawaru
 16072 | D:15     | Reached XP level 14. HP: 112/129 MP: 14/14
 16448 | D:15     | Received a gift from Okawaru
 16645 | D:15     | Received a gift from Okawaru
 16737 | D:15     | Noticed Louise
 16740 | D:15     | Cast into level 2 of the Abyss (Louise)
 16758 | Abyss:2  | Found a corrupted altar of Lugonu.
 17022 | Abyss:2  | Found a corrupted altar of Lugonu.
 17077 | Abyss:2  | Found a corrupted altar of Lugonu.
 17099 | Abyss:2  | Noticed an angel
 17127 | Abyss:2  | Killed an angel
 17127 | Abyss:2  | Received a gift from Okawaru
 17151 | D:15     | Escaped the Abyss
 17534 | D:15     | Found a staircase to the Depths.
 17601 | D:15     | Killed Louise
 18326 | D:14     | Reached XP level 15. HP: 118/139 MP: 15/15
 18672 | D:14     | Reached skill level 15 in Fighting
 18876 | D:14     | Noticed Jorgrun
 18891 | D:14     | Killed Jorgrun
 19073 | D:13     | Found Xeynn's Weapon Emporium.
 19190 | D:13     | Received a gift from Okawaru
 19193 | D:13     | Got a polished trident {god gift}
 19260 | D:13     | Found a gate to the Vaults.
 19361 | D:13     | Noticed Nessos
 19378 | D:13     | Killed Nessos
 19480 | D:13     | Found a basalt altar of Yredelemnul.
 19765 | D:13     | Got a steaming hunting sling
 20031 | Lair:6   | Entered Level 6 of the Lair of Beasts
 20289 | Lair:6   | Noticed Rupert
 20305 | Lair:6   | Killed Rupert
 20433 | Lair:6   | Received a gift from Okawaru
 20611 | Lair:6   | Found a viscous altar of Jiyva.
 20611 | Lair:6   | Found a staircase to the Slime Pits.
 20729 | Lair:6   | Received a gift from Okawaru
 20901 | Lair:6   | Reached skill level 15 in Shields
 20985 | Lair:6   | Reached XP level 16. HP: 148/151 MP: 16/16
 21123 | Lair:1   | Identified the +3 trident "Finod" {antimagic, +Rage}
                  | (Okawaru gifted it to you on level 13 of the Dungeon)
 21126 | Lair:1   | Identified the +5 hunting sling of Power {venom, Int+4}
                  | (You found it on level 13 of the Dungeon)
 21243 | Lair:1   | Identified a scroll of acquirement
 21475 | Lair:6   | Reached skill level 10 in Dodging
 21931 | Orc:1    | Entered Level 1 of the Orcish Mines
 22039 | Orc:1    | Found a roughly hewn altar of Beogh.
 22220 | Orc:2    | Entered Level 2 of the Orcish Mines
 23420 | Orc:2    | Found a staircase to the Elven Halls.
 23508 | Orc:2    | Received a gift from Okawaru
 23531 | Orc:2    | Found Erung's General Store.
 23532 | Orc:2    | Found Adwiseiz's Jewellery Boutique.
 23533 | Orc:2    | Found Yminea's Antique Armour Boutique.
 23533 | Orc:2    | Found Wisatag's Antique Weapon Shop.
 24219 | D:11     | Killed brucemayne's ghost
 24461 | Swamp:1  | Entered Level 1 of the Swamp
 24493 | Swamp:1  | Noticed Frances
 24508 | Swamp:1  | Killed Frances
 24678 | Swamp:1  | Found a runed translucent door.
 24771 | Swamp:1  | Received a gift from Okawaru
 24973 | Swamp:1  | Got a wavering diamond amulet
 24975 | Swamp:1  | Got a bone longbow
 24984 | Swamp:1  | Identified the amulet "Heguigoa" {RegenMP *Contam *Drain
                  | +Fly rF++} (You found it on level 1 of the Swamp)
 25569 | Swamp:1  | Identified the +6 longbow "Yhea" {flame, rC+ rN+ MR- Str+3}
                  | (You found it on level 1 of the Swamp)
 26371 | Swamp:3  | Received a gift from Okawaru
 26374 | Swamp:3  | Got a jewelled great sword {god gift}
 26449 | Swamp:3  | Noticed a thorn hunter
 26466 | Swamp:3  | Killed a thorn hunter
 26885 | Swamp:3  | Reached XP level 17. HP: 162/162 MP: 17/17
 27204 | Swamp:4  | Entered Level 4 of the Swamp
 27345 | Swamp:4  | HP: 8/177 [thorn hunter (2)]
 29631 | Swamp:4  | Received a gift from Okawaru
 29638 | Swamp:4  | Got a smoking plate armour {god gift}
 29681 | Swamp:4  | Identified the +1 plate armour of Gallantry {Str+5}
                  | (Okawaru gifted it to you on level 4 of the Swamp)
 29756 | Swamp:4  | Noticed a bone dragon
 29772 | Swamp:4  | Killed a bone dragon
 29818 | Swamp:4  | Got a decaying rune of Zot
 30249 | Lair:1   | Identified the +10 great sword "Giant's Funeral" {elec,
                  | rN+} (Okawaru gifted it to you on level 3 of the Swamp)
 30364 | Snake:1  | Entered Level 1 of the Snake Pit
 30641 | Snake:1  | Found Isasoij's General Store.
 30650 | Snake:1  | Bought a potion of mutation for 160 gold pieces
 30721 | Snake:1  | Noticed Josephine
 30725 | Snake:1  | Killed Josephine
 30770 | Snake:1  | Noticed Aizul
 30778 | Snake:1  | Killed Aizul
 31274 | Snake:2  | Found a shadowy altar of Dithmenos.
 31367 | Snake:2  | Identified the +8 long sword "Gihal" {freeze, MP+9 Int+3}
 31983 | Snake:2  | Noticed Asterion
 31993 | Snake:2  | Killed Asterion
 31993 | Snake:2  | Received a gift from Okawaru
 31993 | Snake:2  | Reached XP level 18. HP: 152/168 MP: 18/18
 32268 | Snake:3  | Noticed Mara
 32280 | Snake:3  | Noticed Peloso's illusion
 32292 | Snake:2  | Noticed Peloso's illusion
 32293 | Snake:2  | Killed Mara
 32894 | Snake:4  | Entered Level 4 of the Snake Pit
 32969 | Snake:4  | Reached skill level 15 in Armour
 32978 | Snake:4  | Received a gift from Okawaru
 33617 | Snake:4  | Found Buxy's Antique Armour Shop.
 33627 | Snake:4  | Bought a brightly glowing scale mail for 270 gold pieces
 33627 | Snake:4  | Bought a shiny shield for 225 gold pieces
 33638 | Snake:4  | Identified the cursed +1 scale mail of Ethics {+Blink
                  | Int+3} (You bought it in a shop on level 4 of the Snake
                  | Pit)
 34049 | Snake:4  | Received a gift from Okawaru
 34175 | Snake:4  | HP: 9/193 [something (3)]
 34627 | Snake:4  | Got a serpentine rune of Zot
 35168 | Elf:1    | Entered Level 1 of the Elven Halls
 35248 | Elf:1    | Received a gift from Okawaru
 35484 | Elf:1    | Reached XP level 19. HP: 184/184 MP: 19/19
 35788 | Elf:1    | Identified the Grimoire of Necromancy
 36841 | Elf:3    | Entered Level 3 of the Elven Halls
 37177 | Elf:3    | Received a gift from Okawaru
 37180 | Elf:3    | Got a translucent spear {god gift}
 37535 | Elf:3    | Identified the +9 great mace of the Thirteen Emperors
                  | {freeze, +Fly rC+ Dex-2}
 37779 | Elf:3    | Identified the cursed +1 morningstar of Blind Justice
                  | {freeze, Str+2 SInv}
 37779 | Elf:3    | Identified the ring of Zirar {Int+3 Dex+3}
 37905 | Elf:3    | Received a gift from Okawaru
 38163 | Elf:3    | Identified the ring of Afugao {rElec rPois MR++ Str-3 SInv}
 38459 | Elf:3    | Identified the Grimoire of Shifting Attacks
 38485 | Elf:3    | Identified the +9 spear of Ninise {antimagic, rElec rN+
                  | Int+4} (Okawaru gifted it to you on level 3 of the Elven
                  | Halls)
 38511 | Elf:3    | Identified a +0 pair of boots of running (Okawaru gifted it
                  | to you on level 3 of the Elven Halls)
 38524 | Elf:3    | Got a transparent scimitar
 38525 | Elf:3    | Identified the +9 scimitar of the Hero {antimagic, rC- MP+9
                  | Int+3} (You found it on level 3 of the Elven Halls)
 39924 | Elf:2    | Reached XP level 20. HP: 180/195 MP: 20/20
 40187 | Elf:2    | Found a huge runed translucent gate.
 40188 | Elf:2    | Found a huge runed translucent gate.
 40189 | Elf:2    | Found a huge runed translucent gate.
 40190 | Elf:2    | Found a huge runed translucent gate.
 40191 | Elf:2    | Found a huge runed translucent gate.
 41117 | Vaults:1 | Entered Level 1 of the Vaults
 41642 | Vaults:1 | Received a gift from Okawaru
 41707 | Vaults:1 | Got a pair of distressingly furry boots {god gift}
 41725 | Vaults:1 | Identified the +0 pair of boots "Soijus" {rCorr} (Okawaru
                  | gifted it to you on level 1 of the Vaults)
 42146 | Vaults:1 | Paralysed by an orc sorcerer for 5 turns
 42203 | Vaults:1 | Found Erinuveqihi's Jewellery Shoppe.
 42668 | Vaults:2 | Noticed Xtahua
 42672 | Vaults:2 | Paralysed by Xtahua for 4 turns
 42684 | Vaults:2 | Killed Xtahua
 42832 | Vaults:2 | HP: 1/215 [disintegration (30)]
 42838 | Vaults:2 | HP: 10/215 [deep troll[an ironheart preserver] (10)]
 42842 | Vaults:2 | Received a gift from Okawaru
 42842 | Vaults:2 | Reached XP level 21. HP: 13/207 MP: 21/21
 42993 | Vaults:2 | Found a ruined gateway.
 42998 | Desolati | Entered the Desolation of Salt
 43481 | Desolati | Got a wavering brass ring
 43532 | Desolati | Demolished by an imperial myrmidon

Levels and vault maps discovered:
D:1:      eino_arrival_druids_welcome, layout_basic
D:2:      layout_loops_ring, nicolae_dithmenos_shadow_blocks,
          evilmike_ruin_ashenzari, minmay_pentomino_t4
D:3:      layout_loops_ring, fiery_altar_vehumet,
          chequers_ecumenical_altar_island, first_ration, uniq_terence,
          uniq_ijyb
D:4:      cheibrodos_pilgrimage, layout_gridville, kennysheep_little_box,
          minmay_ruined_shrine
D:5:      layout_basic, uniq_sigmund, uniq_prince_ribbit1
D:6:      minmay_chambers_of_fours, layout_loops_corners,
          minmay_temple_entry_fiery, serial_shops, shop, shop, kennysheep_mini,
          nicolae_shop_statue_plus, uniq_eustachio, uniq_menkaure, uniq_duvessa
D:7:      layout_gridville, okawaru_ov_weapons_minmay, serial_bayou_pond_b,
          the_bakery, minmay_misc_feat_alley, uniq_harold
D:8:      layout_cave_pools, erik_lair_orcish_takeover
D:9:      layout_loops_cross, lemuel_round_altar, fedhas_altar_3,
          ebering_ghost_reflecting_pool, st_stairs_10, minmay_gold_behind_fungi
D:10:     layout_irregular_city, basic_altar, uniq_maurice
D:11:     dragon1_lemuel, layout_irregular_city, orc_0_dummy,
          ebering_ghost_inner_flame, basic_altar, kennysheep_small_spiral,
          minmay_quadrilaterals
D:12:     layout_cave_pools
D:13:     layout_roguey, david_vaults_4, serial_shops,
          nicolae_shop_temple_entry_statues_fountains, minmay_misc_feat_pillars,
          lemuel_mausoleum_altar_yredelemnul, uniq_nessos
D:14:     layout_basic, minmay_door_square, minmay_misc_feat_x,
          grunt_ministairs_9, uniq_jorgrun
D:15:     hangedman_depths_entry_civil_slaughter, layout_irregular_city,
          minmay_misc_feat_doors, uniq_louise
Temple:   regret_index_temple_generic_petals
Lair:1:   beast_lair_carwin_large_2, layout_concentric_octagons
Lair:2:   layout_long_grid, lemuel_fruit_fields, grunt_megastairs_5,
          uniq_gastronok
Lair:3:   layout_gridlike, nicolae_swamp_entry_splash_gauntlet,
          patterned_corridor
Lair:4:   layout_roguey, guppyfry_snake_entry_island, st_stairs_8,
          infiniplex_staircase_pool, grunt_megastairs_2
Lair:5:   layout_layer_cave, gammafunk_ghost_hydra_chop, gauntlet_entry_generic,
          kennysheep_catoblepas_arena, uniq_sonja
Lair:6:   hangedman_lair_caniforms_friends, layout_gridlike,
          dpeg_slime_entry_enclosed_altar, hibernation_bobbens,
          grunt_megastairs_1, lemuel_fruit_fields, uniq_rupert
Swamp:1:  gammafunk_mikee_crab_dinner, layout_basic_swamp,
          hangedman_swamp_blocks, infiniplex_staircase_pool_2, uniq_frances
Swamp:2:  layout_basic_swamp, evilmike_swamp_ruin_rubble_1
Swamp:3:  layout_falls_marsh, hangedman_swamp_lotus
Swamp:4:  swamp_pestilence, layout_basic_swamp, swamp_pool1,
          roderic_carrion_pond
Snake:1:  layout_basic, serial_shops, nicolae_shop_trees, uniq_josephine,
          uniq_aizul
Snake:2:  layout_layer_cave, basic_altar, uniq_asterion
Snake:3:  layout_onion_interference, uniq_mara
Snake:4:  johnstein_snake_rune_scales, layout_misc_corridors, serial_shops,
          nicolae_shop_statue_plus, grunt_ministairs_2, serial_bayou_pond_a,
          serial_bayou_shore_a
Orc:1:    layout_caves, mines2_david
Orc:2:    st_orc_congregation, layout_diamond_mine
Elf:1:    eino_elf_arrival_sip, layout_geoelf_diagonals, minmay_elf_necromancy
Elf:2:    layout_loops_ring, roderic_lattice_octagonal_star
Elf:3:    elf_hall_gauntlet_narrow, layout_geoelf_octagon
Vaults:1: nicolae_vaults_big_ls, nicolae_vaults_disjoint_gnomons, v_rooms_5,
          vaults_dpeg_doors, hangedman_vaults_variations, st_cross,
          v_alt_pattern_1, v_pattern_4, ontoclasm_vaults_fault,
          vaults_room_semicircle, layout_vaults_ring, serial_shops, shop
Vaults:2: hangedman_vaults_maws, vaults_mumra_chevron,
          nicolae_vaults_circle_grid_a, v_misc_26, hangedman_vaults_unwind,
          v_pattern_3, layout_vaults_chaotic_city, serial_shops, shop,
          portal_desolation_entry_nicolae_nacl, uniq_boris, uniq_margery,
          uniq_xtahua
Desolation

Skill      XL: |  1  2  3  4  5  6  7  8  9 10 11 12 13 14 15 16 17 18 19 20 |
---------------+-------------------------------------------------------------+-----
Long Blades    | 3 5 6 7 9 11 12 13 14 16 17 18 19 20 21 22 | 22.4
Fighting       | 4 5 6 7 8 9 11 13 14 16 17 18 19 20 22 | 22.1
Armour         | 4 5 7 8 9 10 11 12 13 14 15 16 | 16.6
Shields        | 4 5 6 8 10 11 12 13 14 15 16 17 18 19 21 | 21.4
Dodging        | 1 2 3 5 6 8 9 11 12 | 12.5
Stealth        | 1 2 3 4 |  4.1
Evocations     | 1 2 |  2.4
Invocations    | 1 2 |  2.1
Maces & Flails | |  0.2

Action                   |  1- 3 |  4- 6 |  7- 9 | 10-12 | 13-15 | 16-18 | 19-21 || total
-------------------------+-------+-------+-------+-------+-------+-------+-------++-------
Melee: Long sword        |    73 |   134 |   219 |   543 |    50 |       |       ||  1019
       Headbutt          |    11 |    31 |    40 |   154 |   253 |   462 |   362 ||  1313
       Double sword      |       |       |       |       |   802 |  1174 |  1055 ||  3031
       Falchion          |       |       |       |       |    42 |       |       ||    42
       Whip              |       |       |       |       |     3 |       |       ||     3
       Scimitar          |       |       |       |       |    26 |   261 |       ||   287
Invok: Heroism           |       |       |       |     4 |    10 |     3 |     2 ||    19
Evoke: Wand              |       |       |       |     7 |     3 |       |       ||    10
  Use: Potion            |     3 |       |       |     1 |     4 |     9 |     5 ||    22
       Scroll            |       |       |     4 |    10 |     8 |    22 |     5 ||    49
 Stab: Paralysed         |       |       |       |     2 |     1 |       |       ||     3
       Invisible         |       |       |       |       |       |     1 |       ||     1
  Eat: Chunk             |       |     5 |    10 |    22 |    24 |    38 |    21 ||   120
       Ration            |       |       |       |     1 |     2 |     3 |     2 ||     8
Armor: Scale mail        |    30 |    27 |       |   203 |   462 |   338 |       ||  1060
       Chain mail        |       |    40 |    97 |    73 |       |    13 |    96 ||   319
       Plate armour      |       |       |       |       |       |   318 |   289 ||   607
Dodge: Dodged            |    21 |    26 |    53 |   210 |   517 |   895 |   488 ||  2210
Block: Shield            |    40 |    64 |    89 |   228 |       |   206 |   966 ||  1593
       Buckler           |       |       |       |    83 |   458 |   659 |       ||  1200
       Rpst.: Long sword |     5 |     8 |    17 |    46 |     3 |       |       ||    79
       Double sword      |       |       |       |       |    90 |   142 |    89 ||   321
       Falchion          |       |       |       |       |     7 |       |       ||     7
       Scimitar          |       |       |       |       |     3 |    36 |       ||    39
